 Dungeon Crawl Stone Soup version 0.29.0-4-gdea44cf6ec (webtiles) character file.

Game seed: 3593337454648616657

2 qw the Sneak (level 1, -4/10 HPs)
             Began as a Felid Delver on Aug 27, 2022.
             Slain by an orc
             ... wielding a +1 hand axe of flaming
              (5 damage)
             ... on level 5 of the Dungeon.
             The game lasted 00:00:00 (20 turns).

qw the Sneak (Felid Delver)                           Turns: 20, Time: 00:00:00

Health: -4/10      AC:  1    Str:  8    XL:     1   Next: 25%
Magic:  2/2        EV: 17    Int: 11    God:
Gold:   0          SH:  0    Dex: 17    Spells: 0/0 levels left
                                        Lives:  0   Deaths: 0

rFire   . . .      SeeInvis +     - Unarmed
rCold   . . .      Faith    .   (shield unavailable)
rNeg    . . .      Spirit   .   (body armour unavailable)
rPois   .          Reflect  .   (helmet unavailable)
rElec   .          Harm     .   (cloak unavailable)
rCorr   .          Rampage  .   (gloves unavailable)
Will    .....                   (boots unavailable)
Stlth   +++.......              (no amulet)
HPRegen 0.03/turn               (no ring)
MPRegen 0.08/turn               (no ring)

@: quick
A: very small, claws 1, fangs 3, see invisible, speed 1, shaggy fur 1, stealthy
paws, no weapons or thrown items, no armour, multi-lived
a: no special abilities


You were on level 5 of the Dungeon.
You visited 1 branch of the dungeon, and saw 1 of its levels.


Innate Abilities, Weirdness & Mutations

You have sharp claws.
You have razor-sharp teeth.
You have supernaturally acute eyesight. (SInv)
You cover ground quickly. (Speed+)
You are covered in fur. (AC +1)
Your paws help you pounce on unaware monsters.
You are incapable of wielding weapons or throwing items.
You cannot wear armour.
You gain extra lives every three experience levels.


   Skills:
 - Level 3.0 Fighting
 - Level 2.6 Dodging
 - Level 6.6 Stealth
 + Level 2.2 Unarmed Combat


You couldn't memorise any spells.
You didn't know any spells.
Your spell library was empty.

Inventory:

Wands
 e - a wand of digging (3)
Potions
 d - a potion of haste

Dungeon Overview and Level Annotations

Branches:
Dungeon (5/15)
 Temple: D:4-7

Altars:


Message History

An orc comes into view. It is wielding a +0 mace.
Found a stone staircase leading up and a stone staircase leading down.
The orc shouts!
An orc comes into view.
It is wielding a +1 hand axe of flaming.
7 ||| Stepping ~*~*~tactically~*~*~ (stealth).
8 ||| DROPPING scroll of fog.
You drop a scroll of fog.
9 ||| DROPPING scroll of magic mapping.
You drop a scroll of magic mapping.
10 ||| DROPPING scroll of fear.
You drop a scroll of fear.
You scratch the orc.
The orc is lightly wounded.
The orc closely misses you.
You scratch the orc. Your bite misses the orc.
The orc is heavily wounded.
An orc comes into view.
It is wielding a +1 short sword of speed.
The orc hits you with a +0 mace.
Ouch! That really hurt!
13 ||| Stepping ~*~*~tactically~*~*~ (stealth).
Found 2 metallic silvery potions.
15 ||| Stepping ~*~*~tactically~*~*~ (stealth).
You closely miss the orc.
The orc is heavily wounded.
The orc barely misses you.
An orc priest comes into view. It is wielding a +0 club.
The orc shouts!
You barely miss the orc.
The orc is heavily wounded.
The orc priest shouts!
The orc completely misses you. The orc barely misses you.
You hear a shout!
You barely miss the orc.
The orc is heavily wounded.
The orc hits you with a +0 mace. The orc barely misses you.
You scratch the orc.
You kill the orc!
The orc misses you.
You barely miss the orc priest. The orc priest misses you.
The orc hits you with a +1 hand axe of flaming.
Ouch! That really hurt!
You die...

#.. #.. #
########.# #.
.......#.#
#...........#
#......##..>#
#...........#
#.....###..##
.......@o..#####..
##....o..?........
#.....###.####.#.
#..... .!.. #.....
......#
#....o..$.o..#
#.!..#o.....<#
######........
o.......>.


You could see an orc priest and 2 orcs.

Vanquished Creatures
  An orc (D:5)
1 creature vanquished.

Notes
Turn   | Place    | Note
-------+----------+-------------------------------------------
     0 | D:5      | qw the Felid Delver began the quest for the Orb.
     0 | D:5      | Reached XP level 1. HP: 10/10 MP: 2/2
     0 | D:5      | 0 ||| qw: Version: 0.1-a-89-g26bdef1
     0 | D:5      | 0 ||| qw: Game counter: 136
     0 | D:5      | 0 ||| qw: Always use a shield: true
     0 | D:5      | 0 ||| qw: God list: Okawaru, Trog
     0 | D:5      | 0 ||| qw: Allow faded altars: false
     0 | D:5      | 0 ||| qw: Do Orc after D:15 true
     0 | D:5      | 0 ||| qw: Do second Lair branch before Depths: true
     0 | D:5      | 0 ||| qw: Lair rune preference: random
     0 | D:5      | 0 ||| qw: Plans: Normal
     0 | D:5      | 0 ||| PLANNING D:1-11
     7 | D:5      | 7 ||| Stepping ~*~*~tactically~*~*~ (stealth).
     8 | D:5      | 8 ||| DROPPING scroll of fog.
     9 | D:5      | 9 ||| DROPPING scroll of magic mapping.
    10 | D:5      | 10 ||| DROPPING scroll of fear.
    13 | D:5      | 13 ||| Stepping ~*~*~tactically~*~*~ (stealth).
    15 | D:5      | 15 ||| Stepping ~*~*~tactically~*~*~ (stealth).
    16 | D:5      | Noticed an orc priest
    18 | D:5      | HP: 1/10 [orc/+0 mace (4)]
    20 | D:5      | Slain by an orc

Levels and vault maps discovered:
D:5:      layout_basic, minmay_temple_entry_offerings, kennysheep_small_spiral,
          minmay_holes

Action                   || total
-------------------------++-------
Melee: Unarmed           ||     7
Dodge: Dodged            ||     7

Table legend:
 A = Non-vault XP
 B = Vault XP
 C = Vault XP percentage of total XP
 D = Non-vault monster count
 E = Vault monster count
 F = Vault count percentage of total count
                 A         B        C        D         E       F
            +---------+---------+-------+---------+---------+-------
      Total |       3 |       0 |   0.0 |       1 |       0 |   0.0
            +---------+---------+-------+---------+---------+-------
        D:5 |       3 |       0 |   0.0 |       1 |       0 |   0.0
            +---------+---------+-------+---------+---------+-------
